 Dungeon Crawl Stone Soup version 0.29.1-1-gd02db6906a (webtiles) character file.

Game seed: 16791922623679359613

90 masschaos23 the Chopper (level 4, -3/40 HPs)
             Began as a Hill Orc Fighter on Sept 15, 2022.
             Slain by a gnoll
             ... wielding a +0 halberd
              (6 damage)
             ... on level 3 of the Dungeon.
             The game lasted 00:01:58 (1931 turns).

masschaos23 the Chopper (Hill Orc Fighter)          Turns: 1931, Time: 00:01:58

Health: -3/40      AC:  7    Str: 20    XL:     4   Next: 56%
Magic:  4/4        EV:  9    Int:  8    God:
Gold:   135        SH:  4    Dex: 10    Spells: 3/3 levels left

rFire   . . .      SeeInvis .   a - +0 war axe
rCold   . . .      Faith    .   c - +0 buckler
rNeg    . . .      Spirit   .   b - +0 scale mail
rPois   .          Reflect  .   (no helmet)
rElec   .          Harm     .   (no cloak)
rCorr   .          Rampage  .   (no gloves)
Will    .....                   (no boots)
Stlth   ..........              (no amulet)
HPRegen 0.13/turn               (no ring)
MPRegen 0.09/turn               (no ring)

@: mighty
A: no striking features
a: no special abilities


You were on level 3 of the Dungeon.
You visited 1 branch of the dungeon, and saw 3 of its levels.

You collected 135 gold pieces.

Inventory:

Hand Weapons
 a - a +0 war axe (weapon)
Missiles
 m - 6 poisoned darts (quivered)
Armour
 b - a +0 scale mail (worn)
 c - a +0 buckler (worn)
Jewellery
 l - a ring of willpower
Scrolls
 e - 2 scrolls of immolation {unknown}
 f - a scroll of summoning {unknown}
 h - 2 scrolls of teleportation {unknown}
 k - a scroll of vulnerability {unknown}
 n - a scroll of identify {unknown}
 o - a scroll of fear {unknown}
Potions
 g - a potion of curing {unknown}
 i - 3 potions of mutation {unknown}
 j - a potion of flight {unknown}
 p - a potion of degeneration {unknown}


   Skills:
 + Level 4.1 Fighting
 + Level 4.4 Axes
 + Level 4.2 Armour
 - Level 0.2 Dodging
 + Level 3.5 Shields


You had 3 spell levels left.
You didn't know any spells.
Your spell library contained the following spells:

 Spells                   Type           Power      Damage    Failure   Level
 Summon Lightning Spire   Summ/Air       0%         N/A       100%        4
 Storm Form               Tmut/Air       0%         N/A       100%        7
 Maxwell's Capacitive Co  Air            0%         ∞         100%        8


Dungeon Overview and Level Annotations

Branches:
Dungeon (3/15)

Altars:


Message History

A gnoll comes into view. It is wielding a +0 halberd.
The gnoll moves out of view.
A gnoll comes into view. It is wielding a +0 flail.
Found 11 gold pieces.
The gnoll shouts! x2
The gnoll barely misses you.
There is an open door here.
The gnoll hits you but does no damage.
You hit the gnoll.
The gnoll is moderately wounded.
You slash the gnoll! The gnoll closely misses you. The gnoll barely misses you.
The gnoll hits you with a +0 whip.
The gnoll hits you from afar with a +0 halberd.
The gnoll hits you with a +0 whip!
There is an open door, spattered with blood here.
The gnoll attacks as you move away! The gnoll hits you with a +0 club.
The gnoll attacks as you move away! The gnoll hits you with a +0 club.
You hit the gnoll.
The gnoll is heavily wounded.
The gnoll closely misses you.
You barely miss the gnoll.
The gnoll is heavily wounded.
The gnoll hits you with a +0 club!
* * * LOW HITPOINT WARNING * * *
You barely miss the gnoll.
The gnoll is almost dead.
The gnoll hits you with a +0 whip.
* * * LOW HITPOINT WARNING * * *
You slash the gnoll!
You kill the gnoll!
You block the gnoll's attack.
You hit the gnoll.
You kill the gnoll!
You barely miss the gnoll.
The gnoll hits you from afar with a +0 halberd!
* * * LOW HITPOINT WARNING * * *
You block the gnoll's attack.
You feel very mighty all of a sudden.
The gnoll hits you from afar with a +0 halberd.
You die...

###### #....# ####....#
#.......# ####### #.......#
#.....#
#.......######.....##########
+.......'.gg@'...))'.>.......
#$......######.....##.#######
#...##### #.....##.# ###
#.....##.# #.....##.#
#...†.##.# #.....##.#
#........# ####...#


You could see 2 gnolls.

Vanquished Creatures
  An orc wizard (D:3)
  2 gnolls (D:3)
  A worm (D:2)
  A dart slug (D:2)
  3 orcs
  6 ball pythons
  An endoplasm (D:1)
  3 giant cockroaches
  2 hobgoblins
  6 jackals
  3 kobolds
  2 bats
  2 frilled lizards (D:1)
  8 rats
41 creatures vanquished.

Notes
Turn   | Place    | Note
-------+----------+-------------------------------------------
     0 | D:1      | masschaos23 the Hill Orc Fighter began the quest for the
                  | Orb.
     0 | D:1      | Reached XP level 1. HP: 19/19 MP: 1/1
   323 | D:1      | Reached XP level 2. HP: 26/27 MP: 2/2
   473 | D:1      | Found a faded altar of an unknown god.
   975 | D:2      | Reached XP level 3. HP: 31/33 MP: 3/3
  1870 | D:3      | Reached XP level 4. HP: 30/40 MP: 4/4
  1931 | D:3      | Slain by a gnoll

Illustrated notes

Levels and vault maps discovered:
D:1:      saegor_arrival_miasma, layout_basic,
          shapermc_ecumenical_altar_mp_vishouse
D:2:      layout_loops_ring
D:3:      layout_basic, gammafunk_ghost_cemetery

Skill      XL: |  1  2  3 |
---------------+----------+-----
Axes           | 3 4 |  4.4
Fighting       | 4 |  4.1
Armour         | 4 |  4.2
Dodging        | |  0.2
Shields        | |  3.5

Action                   |  1- 3 |  4- 6 || total
-------------------------+-------+-------++-------
Melee: War axe           |    96 |    12 ||   108
  Use: Potion            |       |     1 ||     1
Armor: Scale mail        |    44 |     4 ||    48
Dodge: Dodged            |    36 |     7 ||    43
Block: Buckler           |    14 |     3 ||    17
